 Dungeon Crawl Stone Soup version 0.25-a0-513-ge77a69270c (webtiles) character file.

Game seed: 17303681337762374825, levelgen mode: classic

2489 EnegeticOcto the Chopper (level 9, -1/82 HPs)
             Began as a Deep Dwarf Fighter on Feb 16, 2020.
             Was a Follower of Makhleb.
             Slain by an unseen horror (2 damage)
             ... on level 8 of the Dungeon.
             The game lasted 00:03:25 (3456 turns).

EnegeticOcto the Chopper (Deep Dwarf Fighter)       Turns: 3456, Time: 00:03:25

Health: -1/82      AC: 15    Str: 24    XL:     9   Next: 27%
Magic:  11/11      EV:  8    Int:  8    God:    Makhleb [*.....]
Gold:   177        SH: 10    Dex: 12    Spells: 8/8 levels left

rFire    + . .     SeeInvis .   a - +0 war axe
rCold    . . .     Gourm    .   c - +0 kite shield
rNeg     . . .     Faith    .   v - +0 chain mail
rPois    .         Spirit   .   j - +2 hat
rElec    .         Reflect  .   (no cloak)
rCorr    .         Harm     .   (no gloves)
MR       +....                  (no boots)
Stlth    ..........             (no amulet)
HPRegen  0.00/turn              o - +3 ring of protection
MPRegen  0.12/turn              q - ring of protection from fire

@: non-regenerating
A: damage resistance, heal wounds, sense surroundings 2, no regeneration
a: Heal Wounds, Renounce Religion


You were on level 8 of the Dungeon.
You worshipped Makhleb.
Makhleb was aware of your devotion.
You were not hungry.

You visited 2 branches of the dungeon, and saw 9 of its levels.

You collected 177 gold pieces.

Inventory:

Hand Weapons
 a - a +0 war axe (weapon)
Armour
 b - a +0 scale mail
 c - a +0 kite shield (worn)
 j - a +2 hat (worn)
 v - a +0 chain mail (worn)
Jewellery
 o - a +3 ring of protection (left hand)
 q - a ring of protection from fire (right hand)
Wands
 w - a wand of flame (12)
Scrolls
 k - 4 scrolls of remove curse {@r6}
 l - a scroll of enchant armour
 n - a scroll of magic mapping {unknown}
 s - a scroll of teleportation {@r2}
 t - a scroll of identify {@r1}
Potions
 d - a potion of might {@q3}
 f - 2 potions of brilliance
 h - a potion of invisibility {unknown}
 i - 2 potions of mutation {unknown}
 m - a potion of lignification {unknown}
 p - a potion of degeneration {unknown}
 r - a potion of berserk rage {unknown}
 u - 4 potions of agility {@q5}
 z - a potion of cancellation {unknown}
Comestibles
 e - 7 rations


   Skills:
 * Level 5.7 Fighting
 * Level 7.5 Axes
 + Level 6.0 Armour
 + Level 4.8 Dodging
 + Level 6.0 Shields
 * Level 5.6 Invocations


You had 8 spell levels left.
You didn't know any spells.
Your spell library contained the following spells:

 Spells                   Type           Power        Failure   Level  Hunger
 Sandblast                Erth           #.....       100%        1    ##.....
 Passwall                 Tmut/Erth      #.......     100%        2    ###....
 Stone Arrow              Conj/Erth      #.....       100%        3    ####...
 Petrify                  Tmut/Erth      #.......     100%        4    #####..
 Lee's Rapid Deconstruct  Erth           #.........   100%        5    ######.


Dungeon Overview and Level Annotations

Branches:
Dungeon (8/15)             Temple (1/1) D:6
   Lair: D:8-11

Altars:
Cheibriados
Dithmenos
Elyvilon
Fedhas
Gozag
Hepliaklqana
Kikubaaqudgha
Makhleb
Nemelex Xobeh
Okawaru
Qazlal
Ru
Sif Muna
Trog
Uskayaw
Wu Jian
Xom
Yredelemnul
Zin
The Shining One

Shops:
D:5 }   D:8 }


Innate Abilities, Weirdness & Mutations

You are resistant to damage.
You can heal yourself by infusing magical energy.
You passively map the area around you.
You do not regenerate.


Message History

Makhleb accepts your kill.
You feel better.
No target in view!
No target in view!
No target in view!
No target in view!
No target in view!
You now have 177 gold pieces (gained 9).
There is a strange disturbance nearby!
There is a strange disturbance nearby!
There is a strange disturbance nearby!
No target in view!
No target in view!
No target in view!
No target in view!
No target in view!
No target in view!
No target in view!
No target in view!
No target in view!
You swing at nothing.
Something hits you.
Deactivating autopickup; reactivate with Ctrl-A.
Something hits you but does no damage. You block something's attack.
You barely miss something. Something hits you.
You swing at nothing.
Something hits you but does no damage. x2
You closely miss something. You block something's attack. Something hits you.
You swing at nothing.
Something hits you but does no damage.
You swing at nothing.
Something hits you but does no damage.
You swing at nothing.
Something hits you but does no damage.
You swing at nothing.
Something hits you but does no damage.
You swing at nothing.
Something hits you but does no damage.
You swing at nothing.
Something hits you.
You swing at nothing.
Something hits you.
You swing at nothing.
Something hits you!
You miss something. You block something's attack.
Something hits you but does no damage.
You hit something but do no damage. Something hits you but does no damage.
You swing at nothing.
You closely miss something. You block something's attack.
You swing at nothing.
You miss something. Something hits you but does no damage.
You swing at nothing.
Something hits you but does no damage.
You closely miss something. Something hits you.
You swing at nothing.
Something hits you.
You barely miss something. Something hits you but does no damage.
You swing at nothing.
Something hits you but does no damage.
You miss something. Something hits you but does no damage.
You swing at nothing.
You hit something. Something hits you but does no damage.
You block something's attack.
Your shield and chain mail prevent you from hitting something.
Something hits you. Something hits you but does no damage.
You swing at nothing.
Something hits you but does no damage.
You swing at nothing.
You block something's attack.
You miss something. Something hits you but does no damage.
You swing at nothing.
Something hits you!
You closely miss something. Something hits you.
You swing at nothing.
Something hits you but does no damage.
You swing at nothing.
Something hits you.
You swing at nothing.
Something hits you.
You miss something.
Something hits you but does no damage. x2
You hit something but do no damage. Something hits you but does no damage.
Something hits you.
* * * LOW HITPOINT WARNING * * *
You swing at nothing.
Something hits you but does no damage. Something hits you!
* * * LOW HITPOINT WARNING * * *
You closely miss something. Something hits you!
* * * LOW HITPOINT WARNING * * *
You block something's attack.
You swing at nothing.
Something hits you but does no damage. x2
You miss something. Something hits you but does no damage.
You swing at nothing.
You completely miss something. Something hits you but does no damage.
You swing at nothing.
Something hits you.
* * * LOW HITPOINT WARNING * * *
Something hits you but does no damage.
You barely miss something. You block something's attack.
Something hits you but does no damage.
You hit something.
Something hits you but does no damage. x2
Something hits you.
You hit something. Something hits you but does no damage.
You block something's attack.
You hit something.
Something hits you but does no damage. x2
You closely miss something. Something hits you. x2
* * * LOW HITPOINT WARNING * * *
You hit something. Something hits you but does no damage.
You swing at nothing.
Something hits you but does no damage.
You swing at nothing.
Something hits you but does no damage. x2
You barely miss something.
Something hits you but does no damage. x3
You closely miss something. Something hits you but does no damage.
You closely miss something. You block something's attack.
You swing at nothing.
Something hits you.
* * * LOW HITPOINT WARNING * * *
You closely miss something. Something hits you.
Something hits you but does no damage.
You miss something. Something hits you but does no damage.
You swing at nothing.
You block something's attack.
You closely miss something. Something hits you.
You die...

, , , * ...###.#..
, .# ## ... , , ,,*
* ..# *,, * * .## ,
,, , , .# * ,. * *
* * *, ...,
.....######### **
**#......@....##
##....###....#
#...#####...##
#.......##....#####
*#.## #............
* #. ###....####..
#* ##.### * * #<#
### **


There were no monsters in sight!

Vanquished Creatures
  A centaur zombie (D:8)
  Menkaure (D:4)
  A sky beast (D:5)
  2 black bears (D:7)
  An ogre (D:7)
  2 scorpions
  12 killer bees
  5 wights (D:7)
  A howler monkey (D:7)
  4 electric eels (D:7)
  A bullfrog zombie (D:7)
  5 crimson imps
  Crazy Yiuf (D:7)
  A hound (D:5)
  2 jellies (D:6)
  An orc wizard (D:5)
  Natasha (D:3)
  2 iguanas
  3 worker ants
  A hound zombie (D:8)
  2 hound skeletons
  4 gnolls
  4 adders
  An ooze (D:7)
  An adder skeleton (D:4)
  2 worms
  A leopard gecko (D:5)
  8 orcs
  2 giant cockroaches
  A goblin (D:3)
  3 hobgoblins
  12 jackals
  3 kobolds
  3 quokkas
  A jackal skeleton (D:6)
  2 quokka zombies (D:5)
98 creatures vanquished.

Notes
Turn   | Place    | Note
-------+----------+-------------------------------------------
     0 | D:1      | EnegeticOcto the Deep Dwarf Fighter began the quest for the
                  | Orb.
     0 | D:1      | Reached XP level 1. HP: 20/20 MP: 1/1
    30 | D:1      | Reached XP level 2. HP: 20/27 MP: 2/2
    63 | D:3      | Noticed Natasha
    71 | D:3      | Noticed a crimson imp
    73 | D:3      | Killed Natasha
    73 | D:3      | Reached skill level 3 in Axes
    73 | D:3      | Reached skill level 1 in Dodging
    73 | D:3      | Reached XP level 3. HP: 29/33 MP: 3/3
   133 | D:4      | Found a shadowy altar of Dithmenos.
   228 | D:4      | Reached XP level 4. HP: 25/42 MP: 4/4
   377 | D:4      | Noticed Menkaure
   395 | D:4      | Killed Menkaure
   395 | D:4      | Reached skill level 4 in Axes
   395 | D:4      | Reached XP level 5. HP: 40/49 MP: 5/5
   655 | D:4      | Reached XP level 6. HP: 43/56 MP: 6/6
   847 | D:5      | Entered Level 5 of the Dungeon
  1407 | D:5      | Found Zero's Gadget Boutique.
  1408 | D:5      | Noticed a sky beast
  1413 | D:5      | Reached skill level 5 in Axes
  1429 | D:5      | Killed a sky beast
  1429 | D:5      | Reached XP level 7. HP: 43/63 MP: 7/7
  1826 | D:6      | Found a staircase to the Ecumenical Temple.
  1840 | Temple   | Entered the Ecumenical Temple
  1913 | Temple   | Became a worshipper of Makhleb the Destroyer
  2242 | D:6      | Found a sacrificial altar of Ru.
  2408 | D:7      | Reached skill level 1 in Invocations
  2415 | D:7      | Reached skill level 5 in Armour
  2426 | D:7      | Reached skill level 5 in Shields
  2444 | D:7      | Reached skill level 6 in Axes
  2450 | D:7      | Reached XP level 8. HP: 33/73 MP: 9/9
  2571 | D:7      | Reached * piety under Makhleb
  2765 | D:7      | Found a runed translucent door.
  2766 | D:7      | Noticed Crazy Yiuf
  2789 | D:7      | Reached skill level 5 in Fighting
  2810 | D:7      | Reached skill level 7 in Axes
  3116 | D:7      | Killed Crazy Yiuf
  3116 | D:7      | Gained mutation: You passively map the area around you.
                  | [Deep Dwarf growth]
  3116 | D:7      | Reached XP level 9. HP: 53/81 MP: 4/11
  3202 | D:8      | Found Wiysm's Gadget Emporium.
  3216 | D:8      | Reached skill level 5 in Invocations
  3452 | D:8      | HP: 1/82 [something (4)]
  3456 | D:8      | Slain by an unseen horror

Levels and vault maps discovered:
D:1:      dpeg_arrival_fog, layout_basic, corexii_hall_statues_deadend
D:2:      layout_basic, chequers_ecumenical_altar_simple
D:3:      layout_rooms, first_ration, uniq_natasha, uniq_grinder, uniq_jessica
D:4:      layout_basic, lemuel_round_altar, uniq_menkaure
D:5:      layout_cave_pools, minivault_11, minmay_misc_feat_five,
          roderic_serpentine_path, kennysheep_windowed_goal
D:6:      layout_basic, temple_green, nicolae_ru_sacrificial_ziggurat
D:7:      layout_basic, serial_bayou_lake_a, uniq_crazy_yiuf_cottage
D:8:      layout_layer_cave, serial_shops, shop, shop_fountains,
          nicolae_shop_stone, shop, nicolae_shop_trees, grunt_livestock,
          tgw_fedhas
Temple:   regret_index_temple_sigil_plot

Skill      XL: |  1  2  3  4  5  6  7  8  9 |
---------------+----------------------------+-----
Axes           | 3 4 5 6 7 |  7.5
Dodging        | 1 2 3 4 |  4.8
Fighting       | 3 4 5 |  5.7
Armour         | 4 5 6 |  6.0
Shields        | 4 5 6 |  6.0
Invocations    | 2 4 5 |  5.6

Action                   |  1- 3 |  4- 6 |  7- 9 || total
-------------------------+-------+-------+-------++-------
Melee: War axe           |    56 |   127 |   248 ||   431
 Abil: Heal Wounds       |     2 |     7 |    17 ||    26
Evoke: Wand              |       |       |     4 ||     4
  Use: Scroll            |       |       |    10 ||    10
  Eat: Chunk             |       |     2 |     7 ||     9
Armor: Scale mail        |    21 |    54 |   261 ||   336
       Chain mail        |       |       |    45 ||    45
Dodge: Dodged            |    30 |    41 |   238 ||   309
Block: Kite shield       |    41 |    75 |   262 ||   378

Table legend:
 A = Non-vault XP
 B = Vault XP
 C = Vault XP percentage of total XP
 D = Non-vault monster count
 E = Vault monster count
 F = Vault count percentage of total count
                 A         B        C        D         E       F
            +---------+---------+-------+---------+---------+-------
      Total |    3086 |     470 |  13.2 |      92 |       6 |   6.1
            +---------+---------+-------+---------+---------+-------
        D:1 |      18 |       0 |   0.0 |       3 |       0 |   0.0
        D:2 |       2 |       0 |   0.0 |       1 |       0 |   0.0
        D:3 |      24 |      35 |  59.3 |       9 |       1 |  10.0
        D:4 |     188 |     183 |  49.3 |      10 |       1 |   9.1
        D:5 |     172 |     210 |  55.0 |      19 |       3 |  13.6
        D:6 |     221 |       0 |   0.0 |       8 |       0 |   0.0
        D:7 |    1720 |      42 |   2.4 |      35 |       1 |   2.8
        D:8 |     741 |       0 |   0.0 |       7 |       0 |   0.0
            +---------+---------+-------+---------+---------+-------
